 Dungeon Crawl Stone Soup version 0.20-a0-945-g3bf614a (webtiles) character file.

758 Krakonus1 the Poker (level 7, -5/47 HPs)
             Began as an Octopode Fighter on Apr 1, 2017.
             Slain by an ogre
             ... wielding a cursed +0 giant spiked club
              (23 damage)
             ... on level 5 of the Dungeon.
             The game lasted 00:25:24 (3797 turns).

Krakonus1 the Poker (Octopode Fighter)              Turns: 3797, Time: 00:25:25

Health: -5/47      AC:  4    Str: 15    XL:     7   Next: 80%
Magic:  7/7        EV: 13    Int: 10    God:
Gold:   75         SH: 12    Dex: 14    Spells: 6/6 levels left

rFire    . . .     SeeInvis .   a - +0 trident
rCold    . . .     Gourm    .   b - +3 shield
rNeg     . . .     Faith    .   (helmet restricted)
rPois    +         Spirit   .   (no amulet)
rElec    .         Reflect  .   e - ring of poison resistance
rCorr    .         Harm     .   (no ring)
MR       +....                  (no ring)
Stlth    ++........             (no ring)
Regen    0.6/turn               (no ring)
MPRegen  0.1/turn               (no ring)
                                (no ring)
                                (no ring)

@: drained
A: almost no armour, stealthy swim, amphibious, 8 rings, constrict 8, rugged
brown scales 1, slimy green scales 1, camouflage 1, magic resistance 1,
regeneration 1, wild magic 1, gelatinous body 1
a: no special abilities


You were on level 5 of the Dungeon.
You were not hungry.

You visited 2 branches of the dungeon, and saw 6 of its levels.

You collected 235 gold pieces.
You spent 160 gold pieces at shops.

Inventory:

Hand Weapons
 a - a +0 trident (weapon)
 f - a +0 spear
Armour
 b - a +3 shield (worn)
Jewellery
 e - a ring of poison resistance (left tentacle)
 q - a cursed ring of teleportation {unknown}
Scrolls
 c - a scroll of immolation
 h - a scroll of amnesia
 j - a scroll of identify
 k - 2 scrolls of remove curse
 n - 3 scrolls of teleportation
Potions
 i - a potion of magic
 o - a potion of mutation
 p - a potion of might
 s - a potion of degeneration
Comestibles
 d - 4 bread rations
 g - 3 chunks of flesh
 l - 4 royal jellies
 m - 2 meat rations


   Skills:
 + Level 3.3(2.8) Fighting
 * Level 6.8(6.3) Polearms
 + Level 4.4(4.0) Dodging
 * Level 4.7(4.2) Shields


You had 6 spell levels left.
You didn't know any spells.

Dungeon Overview and Level Annotations

Branches:
Dungeon (5/15)             Temple (1/1) D:4

Altars:
Ashenzari
Dithmenos
Gozag
Hepliaklqana
Kikubaaqudgha
Makhleb
Nemelex Xobeh
Qazlal
Ru
Sif Muna
Trog
Vehumet
Yredelemnul
The Shining One

Shops:
D:4 *

Annotations:
D:4 Grinder


Innate Abilities, Weirdness & Mutations

You cannot wear most types of armour.
You are very stealthy in the water. (Stealth+)
You are amphibious.
You can wear up to eight rings at the same time.
You can use your tentacles to constrict eight enemies at once.
Your skin changes colour to match your surroundings (Stealth+).
Your rubbery body absorbs attacks. (AC +1, EV +1)
You are partially covered in rugged brown scales. (AC +1, +3% HP)
You are partially covered in slimy green scales. (AC +2)
You are resistant to hostile enchantments. (MR+)
Your natural rate of healing is unusually fast.
Your spells are a little harder to cast, but a little more powerful.


Message History

You hit the ogre.
The ogre is moderately wounded.
The ogre hits you with a giant spiked club!!
* * * LOW HITPOINT WARNING * * *
Okay, then.
Evoke which item? (* to show all) (? for menu, Esc to quit)
Attack whom?
Press: ? - help, Dir - move target cursor, f - ogre
Aim: an ogre, wielding a giant spiked club (lightly wounded)
You reach to attack!
You puncture the ogre!
The ogre is heavily wounded.
You block the ogre's attack.
Evoke which item? (* to show all) (? for menu, Esc to quit)
Attack whom?
Press: ? - help, Dir - move target cursor, f/p - ogre
Aim: an ogre, wielding a giant spiked club (heavily wounded)
You reach to attack!
You hit the ogre but do no damage.
The ogre is heavily wounded.
The ogre hits you with a giant spiked club!!
You die...

#....##
#...##
#...## #...#
#...# #...#
##..# ##..##
#..# #...##
#..# #.....
##.## #>....
......# #..#
#.....
......# #@.#
##...##
......# #O.#
##....#
......#
##Z.#
##.....#
#.....#
#..##
#......##
#.....#
##.##
##.......#
#....# ##.##
#..#####.#
#.?..# ##.##
#.## ##.
##...#
###.## #.#
##
#...####..##
#.# #


You could see an ogre and a howler monkey skeleton.

Vanquished Creatures
  The ghost of useraccount the Skirmisher, an amateur FoMo (D:3)
  Edmund (D:4)
  2 ogres (D:4)
  A crimson imp (D:4)
  An orc wizard (D:4)
  An iguana (D:4)
  A worker ant (D:4)
  Robin (D:4)
  8 gnolls
  2 adders
  An ooze (D:1)
  A worm (D:3)
  3 dart slugs
  9 orcs
  5 giant cockroaches
  15 goblins
  12 hobgoblins
  10 jackals
  A quokka (D:4)
  5 ball pythons
  A bat (D:3)
  8 frilled lizards
  6 kobolds
  7 rats
103 creatures vanquished.

Notes
Turn   | Place    | Note
-------+----------+-------------------------------------------
     0 | D:1      | Krakonus1 the Octopode Fighter began the quest for the Orb.
     0 | D:1      | Reached XP level 1. HP: 16/16 MP: 1/1
    57 | D:1      | Reached XP level 2. HP: 21/21 MP: 2/2
   373 | D:1      | Reached XP level 3. HP: 19/26 MP: 3/3
   862 | D:2      | Found a radiant altar of Vehumet.
   992 | D:2      | Reached XP level 4. HP: 29/31 MP: 4/4
  1802 | D:3      | Noticed useraccount's ghost (amateur FoMo)
  1821 | D:3      | Gained mutation: Your flesh is cold resistant. (rC+) [potion of mutation]
  1821 | D:3      | Gained mutation: You are partially covered in slimy green scales. (AC +2) [potion of mutation]
  1822 | D:3      | Lost mutation: Your flesh is cold resistant. (rC+) [potion of mutation]
  1822 | D:3      | Gained mutation: Your spells are a little harder to cast, but a little more powerful. [potion of mutation]
  1822 | D:3      | Gained mutation: Your natural rate of healing is unusually fast. [potion of mutation]
  1822 | D:3      | Gained mutation: You are resistant to hostile enchantments. (MR+) [potion of mutation]
  1822 | D:3      | Gained mutation: You are partially covered in rugged brown scales. (AC +1, +3% HP) [potion of mutation]
  1910 | D:3      | Reached XP level 5. HP: 37/37 MP: 5/5
  2279 | D:3      | Reached skill level 3 in Polearms
  2459 | D:3      | Killed useraccount's ghost
  2459 | D:3      | Reached skill level 4 in Polearms
  2459 | D:3      | Reached XP level 6. HP: 27/43 MP: 6/6
  2604 | D:3      | Reached skill level 5 in Polearms
  2793 | D:4      | Noticed Robin
  2797 | D:4      | Killed Robin
  2899 | D:4      | Found Ucinov's Assorted Antiques.
  2912 | D:4      | Reached XP level 7. HP: 47/47 MP: 7/7
  2932 | D:4      | Bought a golden potion for 16 gold pieces
  2932 | D:4      | Bought a scroll of teleportation for 54 gold pieces
  2932 | D:4      | Bought a scroll of teleportation for 54 gold pieces
  2932 | D:4      | Bought a scroll of identify for 36 gold pieces
  3039 | D:4      | Reached skill level 6 in Polearms
  3085 | D:4      | Noticed Grinder
  3253 | D:4      | Noticed Edmund
  3278 | D:4      | Found a staircase to the Ecumenical Temple.
  3290 | Temple   | Entered the Ecumenical Temple
  3528 | D:4      | Killed Edmund
  3588 | D:5      | Entered Level 5 of the Dungeon
  3797 | D:5      | Slain by an ogre

Vault maps used:
D:1:      dpeg_arrival_houses_and_road
D:2:      lemuel_coloured_pillars_altar
D:4:      minmay_temple_entry_mist, first_bread, serial_shops,
          nicolae_shop_stone, uniq_edmund, uniq_grinder, uniq_robin
D:5:      hangedman_ru_absence
Temple:   cyrus_circular_temple

Skill      XL: |  1  2  3  4  5  6  7 |
---------------+----------------------+-----
Dodging        | 4 |  4.4
Shields        | 4 |  4.7
Polearms       | 4 5 6 |  6.8
Fighting       | |  3.3

Action                   |  1- 3 |  4- 6 |  7- 9 || total
-------------------------+-------+-------+-------++-------
Melee: Trident           |    32 |   118 |    44 ||   194
       Constrict         |    15 |    30 |     6 ||    51
       Tentacles         |     7 |    22 |     9 ||    38
       Spear             |    41 |    45 |       ||    86
  Use: Potion            |     1 |     7 |       ||     8
       Scroll            |     1 |     8 |     3 ||    12
 Stab: Sleeping          |    10 |     8 |     1 ||    19
  Eat: Chunk             |       |     6 |     3 ||     9
Armor: Skin              |     1 |    12 |     3 ||    16
Dodge: Dodged            |    26 |    44 |     5 ||    75
Block: Shield            |     8 |    16 |    10 ||    34
       Buckler           |     4 |    15 |       ||    19
